 Dungeon Crawl Stone Soup version 0.30-a0-576-g89cddaab80 (webtiles) character file.

Game seed: 14165252624131729546

254 wormed the Shooter (level 5, 0/27 HPs)
             Began as a Spriggan Hunter on Dec 30, 2022.
             Slain by an ogre
             ... wielding a +0 giant club
              (26 damage)
             ... on level 4 of the Dungeon.
             The game lasted 00:02:36 (2080 turns).

wormed the Shooter (Spriggan Hunter)                Turns: 2080, Time: 00:02:37

Health: 0/27       AC:  4    Str:  7    XL:     5   Next: 90%
Magic:  6/6        EV: 19    Int: 11    God:
Gold:   174        SH:  0    Dex: 20    Spells: 4/4 levels left

rFire   . . .      SeeInvis +    a - +0 shortbow
rCold   . . .      Faith    .    (shield currently unavailable)
rNeg    . . .      Spirit   .    f - +2 robe {Will+}
rPois   .          Reflect  .    (helmet restricted)
rElec   .          Harm     .    (no cloak)
rCorr   .          Rampage  .    (gloves unavailable)
Will    +....                    (boots unavailable)
Stlth   +++                      (no amulet)
HPRegen 0.24/turn                (no ring)
MPRegen 0.10/turn                (no ring)

@: very quick
A: very small, no large weapons, unfitting armour, see invisible, speed 3
a: no special abilities


You were on level 4 of the Dungeon.
You visited 1 branch of the dungeon, and saw 4 of its levels.

You collected 174 gold pieces.

Inventory:

Hand Weapons
 a - a +0 shortbow (weapon)
Armour
 c - a +0 robe
 f - a +2 robe of willpower (worn)
Jewellery
 s - an amulet of guardian spirit
Wands
 o - a wand of light (7)
 r - a wand of paralysis (9)
Scrolls
 b - a scroll of immolation
 e - a scroll of acquirement {unknown}
 h - a scroll of amnesia {unknown}
 i - 3 scrolls of enchant weapon {unknown}
 j - 4 scrolls of teleportation {unknown}
 m - 2 scrolls of poison {unknown}
 n - a scroll of identify {unknown}
 p - a scroll of fear {unknown}
Potions
 d - a potion of berserk rage {unknown}
 g - 4 potions of curing {unknown}
 k - 2 potions of heal wounds
 l - a potion of degeneration {unknown}
 q - a potion of brilliance {unknown}
 t - a potion of attraction {unknown}


   Skills:
 + Level 2.7 Fighting
 * Level 5.5 Ranged Weapons
 + Level 4.3 Dodging
 + Level 4.2 Stealth


You had 4 spell levels left.
You didn't know any spells.
Your spell library was empty.

Dungeon Overview and Level Annotations

Branches:
Dungeon (4/15)
 Temple: D:4-7

Altars:
Sif Muna


Innate Abilities, Weirdness & Mutations

You are very small and have problems with some larger weapons.
You are too small for most types of armour.
You have supernaturally acute eyesight. (SInv)
You cover ground extremely quickly. (Speed+++)


Message History

A quokka is nearby!
A quokka is nearby!
You shoot an arrow. The arrow hits the quokka.
The quokka is severely wounded.
You shoot an arrow. The arrow hits the quokka.
You kill the quokka!
No target in view!
No target in view!
There is an open door here.
You now have 174 gold pieces (gained 20).
Found a mace.
t - a clear potion An ogre comes into view.
It is wielding a +0 giant club.
Found a stone staircase leading down.
The ogre shouts!
An iguana comes into view.
There are monsters nearby!
You shoot an arrow. The iguana hisses angrily.
The arrow hits the ogre.
The ogre is lightly wounded.
You shoot an arrow.
The arrow hits the ogre but does no damage.
The ogre is lightly wounded.
The ogre misses you.
You shoot an arrow. The arrow hits the ogre.
The ogre is moderately wounded.
The ogre hits you with a +0 giant club.
You shoot an arrow. The arrow hits the ogre!
The ogre is heavily wounded.
You shoot an arrow. The arrow barely misses the ogre.
You shoot an arrow. The arrow hits the ogre.
The ogre is severely wounded.
You see here a +0 mace.
No target in view!
You shoot an arrow. The arrow barely misses the ogre.
You shoot an arrow. The arrow barely misses the ogre.
The ogre hits you with a +0 giant club!!
Ouch! That really hurt!
You die...

#.# #######.## ### #.# #.# >.
###.# ### ######.# #.
#...#####.#### #....<.#
.####l###.##...##.##.# #.######
..........##...##.##.# #.#
.####.###.##....#.##.####.#
###+###.##....#.##....#.#
..............@.##....#.# ####
.....##..#...O#.##....#.# #.#.
.....##..#...l#.......'.####.#.
###.....l####.####....#.##.....
#.####..O.).# ######.####.#.
#####..# #............. #.##
######.#...).† #.# #........
#.# ...........


You could see an ogre and an iguana.

Vanquished Creatures
  A howler monkey (D:4)
  Terence (D:2)
  Natasha (thrice) (D:2)
  6 adders
  A worm (D:2)
  2 orcs
  6 ball pythons
  8 bats
  An endoplasm (D:2)
  3 giant cockroaches
  4 goblins
  5 hobgoblins
  2 jackals (D:3)
  2 quokkas
  3 frilled lizards
  11 kobolds
  5 rats
64 creatures vanquished.

Notes
Turn   | Place    | Note
-------+----------+-------------------------------------------
     0 | D:1      | wormed the Spriggan Hunter began the quest for the Orb.
     0 | D:1      | Reached XP level 1. HP: 10/10 MP: 2/2
   164 | D:1      | Reached XP level 2. HP: 15/15 MP: 3/3
   314 | D:1      | Found a faded altar of an unknown god.
   577 | D:2      | Found a shimmering blue altar of Sif Muna.
   618 | D:2      | Reached XP level 3. HP: 10/18 MP: 4/4
   733 | D:2      | Noticed Natasha
   741 | D:2      | Killed Natasha
   764 | D:2      | Noticed Natasha
   773 | D:2      | Killed Natasha
   774 | D:2      | Reached XP level 4. HP: 23/23 MP: 5/5
  1060 | D:2      | Reached skill level 5 in Ranged Weapons
  1379 | D:2      | Noticed Natasha
  1384 | D:2      | Killed Natasha
  1385 | D:2      | Reached XP level 5. HP: 27/27 MP: 6/6
  1446 | D:3      | Noticed Terence
  1465 | D:2      | Killed Terence
  2054 | D:4      | Noticed an ogre
  2080 | D:4      | Slain by an ogre

Illustrated notes

Levels and vault maps discovered:
D:1:      wheals_arrival_linesprint, layout_basic,
          shapermc_ecumenical_altar_petra
D:2:      layout_basic, basic_altar, chequers_serial_rivers_room_a,
          grunt_ministairs_8, uniq_natasha
D:3:      layout_rooms, uniq_terence
D:4:      layout_basic

Skill      XL: |  1  2  3  4  5 |
---------------+----------------+-----
Stealth        | 2 3 4 |  4.2
Dodging        | 3 4 |  4.3
Fighting       | 2 |  2.7
Ranged Weapons | 5 |  5.5

Action                   |  1- 3 |  4- 6 || total
-------------------------+-------+-------++-------
 Fire: Shortbow          |    76 |   125 ||   201
Armor: Robe              |     2 |     6 ||     8
Dodge: Dodged            |    22 |    40 ||    62

Table legend: (Time is in decaauts)
 A = Elapsed time spent in this place.
 B = Non-inter-level travel time spent in this place.
 C = Inter-level travel time spent in this place.
 D = Time resting spent in this place.
 E = Time spent auto-exploring this place.
 F = Levels seen in this place.
 G = Mean time per level.
                   A        B        C        D        E       F      G
               +--------+--------+--------+--------+--------+-----+--------+
         Total |   1461 |   1309 |    152 |      0 |    931 |   4 |  365.2 |
       Dungeon |   1461 |   1309 |    152 |      0 |    931 |   4 |  365.2 |
               +--------+--------+--------+--------+--------+-----+--------+

Top non-repeatable levels by time:
     D:2: 671 daAuts
     D:1: 324 daAuts
     D:3: 319 daAuts
     D:4: 145 daAuts
